 Dungeon Crawl Stone Soup version 0.28-a0-730-g892d06dc2c (webtiles) character file.

Game seed: 8088675884210142510

58422 bjtr the Thaumaturge (level 14, -1/98 HPs)
             Began as a Demonspawn Conjurer on Oct 23, 2021.
             Was an Elder of Vehumet.
             Slain by Rupert (5 damage)
             ... on level 13 of the Dungeon on Oct 29, 2021.
             The game lasted 03:49:50 (32485 turns).

bjtr the Thaumaturge (Demonspawn Conjurer)         Turns: 32485, Time: 03:49:50

Health: -1/98      AC: 26    Str:  8    XL:     14   Next: 49%
Magic:  9/31       EV: 10    Int: 23    God:    Vehumet [****..]
Gold:   2023       SH: 13    Dex: 13    Spells: 3/40 levels left

rFire   + . .      SeeInvis .   C - +0 broad axe (flame)
rCold   + . .      Faith    .   l - +2 buckler {rC+}
rNeg    . . .      Spirit   .   f - +3 scale mail {rPois}
rPois   +          Reflect  +   i - +1 helmet
rElec   +          Harm     .   n - +1 cloak
rCorr   .          Rampage  .   G - +1 pair of gloves
Will    +....                   (no boots)
Stlth   +.........              u - amulet of reflection
HPRegen 0.26/turn               r - ring of wizardry
MPRegen 0.44/turn               X - +4 ring of protection

@: no status effects
A: thin metallic scales 3, magic regeneration, demonic magic 1, weakness stinger
2, fire resistance 1, wild magic 1
a: Renounce Religion


You were on level 13 of the Dungeon.
You worshipped Vehumet.
Vehumet was greatly pleased with you.
You visited 3 branches of the dungeon, and saw 20 of its levels.
You also visited: Ice Cave.

You collected 2023 gold pieces.

Inventory:

Hand Weapons
 b - a +2 hand crossbow of flaming
 C - a +0 broad axe of flaming (weapon)
 R - a +0 scimitar
Missiles
 h - 3 throwing nets
 k - 14 javelins
 I - 2 silver boomerangs (quivered)
 K - 3 atropa-tipped darts
Armour
 f - a +3 scale mail of poison resistance (worn)
 i - a +1 helmet (worn)
 l - a +2 buckler of cold resistance (worn)
 n - a +1 cloak (worn)
 G - a +1 pair of gloves (worn)
Jewellery
 d - a +6 ring of dexterity
 e - the macabre finger necklace {rN+}
   (You found it on level 6 of the Lair of Beasts)

   [amulet of nothing]

   It enables you to equip an extra ring.
   rN:        It protects you from negative energy.
 r - a ring of wizardry (left hand)
 u - an amulet of reflection (around neck)
 E - a ring of poison resistance
 L - a ring of see invisible
 X - a +4 ring of protection (right hand)
Wands
 g - a wand of iceblast (7)
 m - a wand of polymorph (20)
 q - a wand of mindburst (17)
 x - a wand of flame (134)
 J - a wand of acid (13)
 M - a wand of charming (6)
 W - a wand of paralysis (23)
Scrolls
 c - 2 scrolls of blinking
 p - 4 scrolls of fear
 s - a scroll of magic mapping
 t - 8 scrolls of teleportation
 v - 7 scrolls of amnesia
 A - 10 scrolls of identify
 H - 2 scrolls of fog
 Y - 2 scrolls of enchant weapon
Potions
 j - 3 potions of might
 o - a potion of invisibility
 z - 6 potions of flight
 N - 5 potions of ambrosia
 O - a potion of haste
 P - 2 potions of cancellation
 S - a potion of magic
 U - a potion of curing
Miscellaneous
 a - a condenser vane
 w - a piece from Xom's chessboard (15/15)
 y - a box of beasts
 B - a phial of floods


   Skills:
 + Level 5.3 Fighting
 + Level 7.9 Armour
 + Level 6.2 Dodging
 + Level 4.6 Stealth
 - Level 7.6 Shields
 + Level 13.5 Spellcasting
 * Level 11.4 Conjurations
 + Level 0.4 Hexes
 + Level 2.5 Translocations
 + Level 9.6 Fire Magic
 + Level 0.4 Poison Magic
 + Level 1.3 Evocations


You had 3 spell levels left.
You knew the following spells:

 Your Spells              Type           Power      Damage    Failure   Level
a - Magic Dart            Conj           100%       1d8       1%          1
b - Searing Ray           Conj           100%       2d8       1%          2
c - Iskenderun's Mystic   Conj/Tloc      58%        2d12      2%          4
d - Scorch                Fire           100%       2d10      1%          2
e - Inner Flame           Hex/Fire       50%        N/A       1%          3
f - Flame Wave            Conj/Fire      70%        3d12      1%          4
g - Blink                 Tloc           70%        N/A       9%          2
h - Mephitic Cloud        Conj/Pois/Air  44%        N/A       2%          3
i - Ignite Poison         Fire/Tmut/Pois 40%        N/A       3%          3
j - Fulminant Prism       Conj/Hex       27%        3d14      4%          4
k - Sticky Flame          Conj/Fire      70%        2d8       1%          4
l - Fireball              Conj/Fire      35%        3d15      1%          5

Your spell library contained the following spells:

 Spells                   Type           Power      Damage    Failure   Level
 Shock                    Conj/Air       100%       1d9       1%          1
 Dazzling Flash           Conj/Hex       100%       N/A       1%          3
 Gell's Gravitas          Tloc           17%        N/A       16%         3
 Lesser Beckoning         Tloc           35%        N/A       16%         3
 Teleport Other           Tloc           35%        N/A       16%         3
 Sublimation of Blood     Necr           10%        N/A       21%         2
 Wereblood                Tmut           20%        N/A       21%         2
 Swiftness                Air            20%        N/A       36%         3
 Airstrike                Air            10%        N/A       30%         4
 Cause Fear               Hex            11%        N/A       67%         4
 Manifold Assault         Tloc           35%        N/A       75%         5
 Dispersal                Tloc           17%        N/A       99%         6
 Summon Cactus Giant      Summ           10%        N/A       100%        6
 Summon Hydra             Summ           10%        N/A       100%        7
 Discord                  Hex            11%        N/A       100%        8


Dungeon Overview and Level Annotations

Branches:
Dungeon (13/15)            Temple (1/1) D:6            Lair (6/6) D:10
  Swamp (0/4) Lair:4        Snake (0/4) Lair:4        Slime (0/5) Lair:5
    Orc (0/2) D:12          IceCv (visited)
 Vaults: D:13-14

Altars:
Ashenzari
Cheibriados
Dithmenos
Elyvilon
Fedhas
Hepliaklqana
Kikubaaqudgha
Makhleb
Nemelex Xobeh
Okawaru
Qazlal
Ru
Sif Muna
Trog
Uskayaw
Vehumet
Wu Jian
Xom
Yredelemnul
Zin
Jiyva

Shops:
D:1 *   D:4 (

Annotations:
D:13 Rupert
Lair:5 3 runed translucent doors, Denysae's ghost, journeyman OgAr


Innate Abilities, Weirdness & Mutations

You are completely covered in thin metallic scales. (AC +4, rElec)
You regenerate magic rapidly.
Spells you cast may paralyse adjacent enemies.
You have a tail ending in a sharp stinger.
Your flesh is heat resistant. (rF+)
Your spells are a little harder to cast, but a little more powerful.


Message History

Confirm with . or Enter, or press ? or * to list all spells.
Flames lash Rupert.
Rupert is heavily wounded.
Rupert's fire resistance burns away.
Malevolent energies surge around you.
Rupert hits you with a +0 vorpal battleaxe!
Casting: Scorch (safe; 1% risk of failure)
Confirm with . or Enter, or press ? or * to list all spells.
Casting: Flame Wave (mildly dangerous; 1% risk of failure)
Press: ? - help, Dir - look around, f - activate A wave of flame ripples out!
The flame wave engulfs Rupert!
Rupert is burned terribly!
Rupert is heavily wounded. (Press . to intensify the flame waves.) Malevolent energies surge around you.
Rupert hits you with a +0 vorpal battleaxe!!
A wave of flame ripples out!
The flame wave engulfs Rupert!
Rupert is burned terribly!
Rupert is severely wounded.
Rupert hits you with a +0 vorpal battleaxe!!
You block Rupert's attack.
Unknown command.
A wave of flame ripples out!
The flame wave engulfs Rupert!!
Rupert is burned terribly!
Rupert is severely wounded.
Rupert is no longer more vulnerable to fire.
Rupert hits you with a +0 vorpal battleaxe!
* * * LOW HITPOINT WARNING * * *
x2 Unknown command.
Casting: Flame Wave (mildly dangerous; 1% risk of failure)
Confirm with . or Enter, or press ? or * to list all spells.
You blink.
Malevolent energies surge around you.
Casting: Blink (safe; 9% risk of failure)
Confirm with . or Enter, or press ? or * to list all spells.
You are still too unstable to blink.
Your magical contamination has completely faded away.
You feel stable enough to blink again. You block Rupert's attack. x2
Rupert hits you with a +0 vorpal battleaxe!!
* * * LOW HITPOINT WARNING * * *
You die...

....# ##### #....##.# #. ....#
#...# #....##.# #. ....# #...#
#....##.# #. ##### #...#
#....'..# #. ....# #...#
#....###### #.
###.##########...###...)......
..
......................)....>.#
####.######....#@....)...#....
####..#####....#@........#.#.#
...............#.........# # #
#...)...(....###.........# .
#<.[.........# #.........# o.
#..).........###.........#


O.o .##.......#..............# .O .##.......#.####.........#.##..
.##.......#.####.......)....... .##.......#.#..........$...# You could see
Rupert (berserk).

Vanquished Creatures
  A fire dragon (Lair:5)
  Fannar (Lair:1)
  8 hydras
  A catoblepas (Lair:6)
  2 boulder beetles
  5 two-headed ogres
  2 alligators (D:11)
  2 bog bodies (IceCv)
  An orc knight (D:13)
  An oklob plant (Lair:5)
  2 ugly things
  3 cyclopes
  Joseph (Lair:1)
  4 elephants (Lair:5)
  An ice statue (IceCv)
  6 black mambas
  11 cane toads
  Maggie (D:6)
  12 komodo dragons
  3 ice devils
  4 rime drakes
  2 entropy weaver simulacra (IceCv)
  A freezing wraith (IceCv)
  2 demonic crawlers (D:11)
  4 polar bears (Lair:6)
  A queen bee (Lair:3)
  2 trolls
  2 hornets (Lair:6)
  3 slime creatures (D:12)
  14 blink frogs
  6 dream sheep (Lair:6)
  A spriggan (shapeshifter) (D:13)
  12 spriggans (Lair:6)
  2 vampires
  4 wyverns
  A wraith (D:12)
  26 yaks
  5 basilisks
  2 death yak simulacra (IceCv)
  A swamp worm (shapeshifter) (D:13)
  2 harpy simulacra (IceCv)
  4 swamp worms (Lair:4)
  2 acid dragons
  2 hell hounds (D:11)
  26 water moccasins
  5 black bears
  2 ice beasts
  8 orc warriors
  A sky beast (D:7)
  3 ogres
  36 wolves
  5 boggarts (Lair:6)
  6 centaurs
  A phantom (D:7)
  12 bullfrogs
  2 kobold brigands
  7 scorpions
  6 two-headed ogre simulacra (IceCv)
  2 wyvern zombies
  A wyvern skeleton (D:7)
  37 killer bees
  3 elephant simulacra (IceCv)
  5 wights
  3 howler monkeys
  2 bullfrog zombies (D:6)
  4 centaur zombies
  A lava snake (Lair:6)
  6 orc priests
  A bullfrog skeleton (D:6)
  3 hounds
  2 centaur skeletons
  7 iguanas
  13 orc wizards
  10 troll simulacra (IceCv)
  A polar bear simulacrum (IceCv)
  3 spriggan simulacra (IceCv)
  A killer bee zombie (D:7)
  2 wolf simulacra (IceCv)
  A hound zombie (D:4)
  A hound skeleton (D:4)
  Robin (D:3)
  8 gnolls
  6 adders
  3 naga simulacra (IceCv)
  9 white imps
  7 ufetubi
  An adder zombie (D:5)
  6 worms
  2 dart slugs
  37 orcs
  5 bats
  5 endoplasms
  12 giant cockroaches
  12 goblins
  6 hobgoblins
  10 jackals
  3 quokkas
  15 ball pythons
  14 frilled lizards
  13 kobolds
  3 rats
  A spectral kobold (D:10)
581 creatures vanquished.

Vanquished Creatures (collateral kills)
  A butterfly (Lair:5)
1 creature vanquished.

Vanquished Creatures (others)
  An ufetubus (IceCv)
  13 fulminant prisms
  22 fungi
  29 plants
65 creatures vanquished.

Grand Total: 647 creatures vanquished

Notes
Turn   | Place    | Note
-------+----------+-------------------------------------------
     0 | D:1      | bjtr the Demonspawn Conjurer began the quest for the Orb.
     0 | D:1      | Reached XP level 1. HP: 13/13 MP: 3/3
   292 | D:1      | Gained mutation: You have a small tail. [demonic ancestry]
   292 | D:1      | Reached XP level 2. HP: 18/19 MP: 1/5
   503 | D:1      | Learned a level 2 spell: Searing Ray
   583 | D:1      | Found a faded altar of an unknown god.
   647 | D:1      | Found Tarchemm's General Store.
  1235 | D:2      | Gained mutation: Spells you cast may paralyse adjacent
                  | enemies. [demonic ancestry]
  1235 | D:2      | Reached XP level 3. HP: 24/24 MP: 0/6
  1506 | D:2      | Reached skill level 5 in Conjurations
  2060 | D:2      | Gained mutation: You are partially covered in thin metallic
                  | scales. (AC +2) [demonic ancestry]
  2060 | D:2      | Reached XP level 4. HP: 30/30 MP: 2/7
  2339 | D:2      | Found a shadowy altar of Dithmenos.
  3257 | D:3      | Reached skill level 3 in Spellcasting
  3620 | D:3      | Noticed Robin
  3641 | D:3      | Gained mutation: You are mostly covered in thin metallic
                  | scales. (AC +3) [demonic ancestry]
  3641 | D:3      | Reached XP level 5. HP: 32/35 MP: 5/9
  3660 | D:3      | Killed Robin
  3771 | D:3      | Reached skill level 1 in Armour
  3838 | D:3      | Upgraded the game from 0.28-a0-691-gad6df49e81 to
                  | 0.28-a0-697-g47f3eba078
  4042 | D:3      | Found a radiant altar of Vehumet.
  4052 | D:3      | Became a worshipper of Vehumet
  4254 | D:4      | Learned a level 4 spell: Iskenderun's Mystic Blast
  4393 | D:4      | Found a sacrificial altar of Ru.
  4680 | D:4      | Found Urak's Weapon Shoppe.
  4758 | D:4      | Gained mutation: You have a tail ending in a sharp stinger.
                  | [demonic ancestry]
  4758 | D:4      | Reached XP level 6. HP: 36/42 MP: 5/11
  5128 | D:4      | Learned a level 2 spell: Scorch
  5299 | D:5      | Entered Level 5 of the Dungeon
  5302 | D:5      | Reached skill level 1 in Fighting
  5589 | D:5      | Reached skill level 1 in Fire Magic
  5910 | D:6      | Noticed a water moccasin
  5939 | D:6      | Killed a water moccasin
  5940 | D:6      | Reached skill level 4 in Spellcasting
  5940 | D:6      | Reached XP level 7. HP: 48/48 MP: 2/13
  6067 | D:6      | Upgraded the game from 0.28-a0-697-g47f3eba078 to
                  | 0.28-a0-706-gf6f64a616a
  6651 | D:6      | Found a staircase to the Ecumenical Temple.
  6657 | D:6      | Noticed Maggie
  6668 | Temple   | Entered the Ecumenical Temple
  6840 | Temple   | Learned a level 3 spell: Inner Flame
  6956 | D:6      | Killed Maggie
  6957 | D:6      | Reached XP level 8. HP: 16/56 MP: 0/15
  7205 | D:6      | Reached skill level 5 in Spellcasting
  7284 | D:6      | Learned a level 4 spell: Flame Wave
  7544 | D:7      | Reached skill level 1 in Shields
  7612 | D:6      | Reached skill level 1 in Evocations
  7848 | D:7      | Reached * piety under Vehumet
  7848 | D:7      | Offered knowledge of Freeze by Vehumet.
  8191 | D:7      | Gained mutation: You are completely covered in thin
                  | metallic scales. (AC +4, rElec) [demonic ancestry]
  8191 | D:7      | Reached XP level 9. HP: 30/62 MP: 6/17
  8528 | D:7      | Upgraded the game from 0.28-a0-706-gf6f64a616a to
                  | 0.28-a0-723-g095bd1b44f
  9028 | D:7      | Reached skill level 6 in Spellcasting
  9338 | D:8      | Reached ** piety under Vehumet
  9338 | D:8      | Offered knowledge of Sandblast by Vehumet.
  9720 | D:8      | Reached skill level 5 in Fire Magic
 10062 | D:8      | Found a shimmering altar of Xom.
 10706 | D:9      | Reached skill level 5 in Armour
 10706 | D:9      | Reached skill level 7 in Spellcasting
 10843 | D:9      | Learned a level 2 spell: Blink
 10944 | D:9      | Reached XP level 10. HP: 70/70 MP: 11/20
 11147 | D:10     | Entered Level 10 of the Dungeon
 11393 | D:10     | Noticed a two-headed ogre
 11397 | D:10     | Killed a two-headed ogre
 11494 | D:10     | Offered knowledge of Mephitic Cloud by Vehumet.
 11783 | D:10     | Noticed a cyclops
 11792 | D:10     | Killed a cyclops
 11793 | D:10     | Reached skill level 8 in Spellcasting
 12172 | D:10     | Reached *** piety under Vehumet
 12291 | D:10     | Found a staircase to the Lair.
 12530 | D:10     | Found a hazy altar of Hepliaklqana.
 12566 | D:10     | Noticed a two-headed ogre
 12572 | D:10     | Killed a two-headed ogre
 12573 | D:10     | Reached skill level 5 in Dodging
 12573 | D:10     | Reached XP level 11. HP: 76/76 MP: 15/23
 12577 | D:10     | Learned a level 3 spell: Mephitic Cloud
 12624 | D:10     | Upgraded the game from 0.28-a0-723-g095bd1b44f to
                  | 0.28-a0-724-g66f9036eb4
 12841 | D:11     | Offered knowledge of Conjure Flame by Vehumet.
 12842 | D:11     | Reached skill level 9 in Spellcasting
 13504 | D:11     | Reached **** piety under Vehumet
 13755 | D:11     | Offered knowledge of Ignite Poison by Vehumet.
 14121 | D:11     | Noticed an alligator
 14129 | D:11     | Killed an alligator
 14141 | D:11     | Noticed an alligator
 14149 | D:11     | Killed an alligator
 14150 | D:11     | Reached skill level 5 in Shields
 14391 | D:12     | Noticed a two-headed ogre
 14398 | D:12     | Killed a two-headed ogre
 14756 | D:12     | Found a staircase to the Orcish Mines.
 14800 | D:12     | Noticed a boulder beetle
 14808 | D:12     | Noticed a two-headed ogre
 14814 | D:12     | Noticed a skeletal warrior
 14816 | D:12     | Killed a boulder beetle
 14817 | D:12     | Reached XP level 12. HP: 43/83 MP: 5/25
 15127 | D:12     | Noticed a boulder beetle
 15465 | D:12     | Reached skill level 10 in Spellcasting
 15465 | D:12     | Killed a two-headed ogre
 15490 | D:12     | Gained mutation: Your spells are a little harder to cast,
                  | but a little more powerful. [potion of mutation]
 15490 | D:12     | Gained mutation: Your flesh is heat resistant. (rF+)
                  | [potion of mutation]
 16080 | D:13     | Learned a level 3 spell: Ignite Poison
 16121 | D:13     | Noticed a two-headed ogre
 16135 | D:13     | Killed a two-headed ogre
 16258 | D:13     | Identified the amulet of Uchit {Spirit rF- Str+4 Stlth+}
 16275 | D:13     | Noticed a boulder beetle
 16362 | D:13     | Noticed Rupert
 16616 | Lair:1   | Entered Level 1 of the Lair of Beasts
 16623 | Lair:1   | Noticed Fannar
 16633 | Lair:1   | Killed Fannar
 16678 | Lair:1   | Reached ***** piety under Vehumet
 16908 | Lair:1   | Offered knowledge of Starburst by Vehumet.
 16970 | Lair:1   | Found a frozen archway.
 16997 | IceCv    | Entered an ice cave
 17661 | IceCv    | Learned a level 4 spell: Fulminant Prism
 17673 | IceCv    | Reached skill level 11 in Spellcasting
 19849 | IceCv    | Upgraded the game from 0.28-a0-724-g66f9036eb4 to
                  | 0.28-a0-726-g4a9143789a
 21423 | Lair:1   | Reached skill level 10 in Conjurations
 21711 | Lair:1   | Noticed Joseph
 21734 | Lair:1   | Killed Joseph
 21932 | Lair:1   | Gained mutation: You regenerate magic rapidly. [demonic
                  | ancestry]
 21932 | Lair:1   | Reached XP level 13. HP: 70/90 MP: 22/28
 22242 | Lair:2   | Reached skill level 12 in Spellcasting
 24267 | Lair:3   | Offered knowledge of Sticky Flame by Vehumet.
 24524 | Lair:4   | Found a staircase to the Swamp.
 24784 | Lair:4   | Found a staircase to the Snake Pit.
 24851 | Lair:4   | Identified the +1 chain mail "Rypt" {rF+ rC+ Int+4 Dex-3}
 25395 | Lair:5   | Found a viscous altar of Jiyva.
 25395 | Lair:5   | Found a staircase to the Slime Pits.
 25598 | Lair:5   | Upgraded the game from 0.28-a0-726-g4a9143789a to
                  | 0.28-a0-730-g892d06dc2c
 25718 | Lair:5   | Found a runed translucent gate.
 25746 | Lair:5   | Found a runed translucent gate.
 25746 | Lair:5   | Found a runed translucent gate.
 25747 | Lair:5   | Noticed an acid blob
 25747 | Lair:5   | Noticed an azure jelly
 25957 | Lair:5   | Reached skill level 13 in Spellcasting
 26104 | Lair:5   | Noticed a fire dragon
 26128 | Lair:5   | Killed a fire dragon
 26391 | Lair:5   | Reached XP level 14. HP: 82/96 MP: 31/31
 26562 | Lair:5   | Noticed an azure jelly
 26562 | Lair:5   | Noticed a rockslime
 26563 | Lair:5   | Found a viscous altar of Jiyva.
 26563 | Lair:5   | Noticed an azure jelly
 26563 | Lair:5   | Noticed Denysae's ghost (journeyman OgAr)
 26563 | Lair:5   | Noticed an azure jelly
 26563 | Lair:5   | Noticed an azure jelly
 27259 | Temple   | Learned a level 4 spell: Sticky Flame
 27735 | Lair:6   | Entered Level 6 of the Lair of Beasts
 27757 | Lair:6   | Reached skill level 5 in Fighting
 27857 | Lair:6   | Reached skill level 1 in Translocations
 28270 | Lair:6   | Offered knowledge of Fireball by Vehumet.
 28277 | Lair:6   | Learned a level 5 spell: Fireball
 30563 | Lair:6   | Found the macabre finger necklace {rN+}
 32485 | D:13     | HP: 4/98 [Rupert (19)]
 32485 | D:13     | Slain by Rupert

Illustrated notes

Levels and vault maps discovered:
D:1:      amcnicky_arrival_double_pillar, layout_loops_ring, serial_shops, shop,
          hellmonk_ecumenical_altar_crossroads, kennysheep_decorative_pillar
D:2:      layout_basic, basic_altar, kennysheep_generic_room_7
D:3:      layout_loops_corners, fiery_altar_vehumet, grunt_ministairs_15,
          uniq_robin
D:4:      layout_gridville, nicolae_ru_path_of_blood, serial_shops,
          kennysheep_mini, chequers_serial_rivers_room_b, serial_bayou_crossing
D:5:      layout_rooms, chequers_jeans, corner_web_ring
D:6:      layout_loops_ring, temple_statues, uniq_maggie
D:7:      black_bear_nest_2, layout_basic, nicolae_overflow_hidden_temple,
          nrook_mini_vaults
D:8:      layout_cave_pools, kennysheep_little_box
D:9:      layout_roguey
D:10:     layout_irregular_city, nicolae_hepliaklqana_monster_ancestors,
          erik_lair_dragon, minmay_sticks_and_stones
D:11:     layout_roguey, wad_floor_pattern_untrapped,
          hangedman_parallel_progression
D:12:     layout_loops_ring, david_orc_4
D:13:     layout_basic, david_vaults_4, uniq_rupert
Temple:   regret_index_temple_sphere_string
Lair:1:   layout_loops_ring, portal_ice_cave_demonic_guard, uniq_joseph,
          uniq_fannar
Lair:2:   layout_regular_city, nicolae_lair_grove_arrangements, minivault_25,
          lemuel_fruit_tree, lemuel_fruit_fields
Lair:3:   layout_roguey, special_room [special_room_bee]
Lair:4:   layout_regular_city, minmay_swamp_entry_worms, dummy_snake_entry
Lair:5:   dragon1_lemuel, layout_long_grid, slime_altar_1, gammafunk_ghost_ooze,
          minmay_lair_oklob_items, lemuel_fruit_fields, grunt_megastairs_3
Lair:6:   minmay_lair_end_enchanted_forest, layout_gridlike, grunt_megastairs_4

Skill      XL: |  1  2  3  4  5  6  7  8  9 10 11 12 13 14 |
---------------+-------------------------------------------+-----
Dodging        | 2 3 4 5 6 |  6.2
Stealth        | 2 3 4 |  4.6
Conjurations   | 5 6 7 8 9 10 11 | 11.4
Spellcasting   | 3 4 5 7 8 9 11 13 | 13.5
Armour         | 1 2 3 4 5 6 7 |  7.9
Fighting       | 1 2 3 4 5 |  5.3
Fire Magic     | 1 2 3 5 7 8 9 |  9.6
Shields        | 1 2 5 6 7 |  7.6
Evocations     | 1 |  1.3
Translocations | 2 |  2.5
Hexes          | |  0.4
Poison Magic   | |  0.4

Action                   |  1- 3 |  4- 6 |  7- 9 | 10-12 | 13-15 || total
-------------------------+-------+-------+-------+-------+-------++-------
Melee: Dagger            |    17 |       |       |       |       ||    17
       Flail             |     5 |    31 |       |       |       ||    36
       Halberd           |       |    21 |       |       |       ||    21
       Tailslap          |       |     6 |    11 |    19 |    42 ||    78
       Whip              |       |    54 |    31 |       |       ||    85
       Broad axe         |       |       |    87 |   228 |   399 ||   714
       Long sword        |       |       |       |       |    28 ||    28
Throw: Stone             |     9 |       |       |       |       ||     9
       Boomerang         |       |       |       |    11 |       ||    11
 Cast: Magic Dart        |    48 |     1 |     1 |     2 |       ||    52
       Searing Ray       |     7 |    28 |    25 |     6 |     1 ||    67
       Scorch            |       |     1 |    36 |   151 |   111 ||   299
       Iskenderun's Myst |       |       |     2 |    14 |    14 ||    30
       Inner Flame       |       |       |     2 |       |       ||     2
       Flame Wave        |       |       |    10 |    45 |    33 ||    88
       Mephitic Cloud    |       |       |       |     9 |     5 ||    14
       Blink             |       |       |       |     1 |     1 ||     2
       Fulminant Prism   |       |       |       |     6 |     7 ||    13
       Ignite Poison     |       |       |       |     1 |     4 ||     5
       Fireball          |       |       |       |       |    24 ||    24
       Sticky Flame      |       |       |       |       |     3 ||     3
Evoke: Wand              |       |     4 |     2 |     9 |     6 ||    21
  Use: Scroll            |     3 |     7 |     5 |    11 |     5 ||    31
       Potion            |       |     5 |     1 |     9 |     2 ||    17
 Stab: Sleeping          |     1 |     2 |     1 |       |       ||     4
       Paralysed         |     1 |       |    14 |    21 |    24 ||    60
       Invisible         |       |       |       |     4 |       ||     4
       Confused          |       |       |       |     1 |       ||     1
Armor: Robe              |     4 |    10 |       |       |       ||    14
       Ring mail         |     6 |    74 |   103 |   213 |       ||   396
       Scale mail        |       |       |       |    30 |   463 ||   493
Dodge: Dodged            |    14 |   102 |    90 |   196 |   267 ||   669
Block: Other             |       |     7 |    43 |    24 |       ||    74
       Reflection        |       |       |     3 |    13 |     5 ||    21
       Kite shield       |       |       |       |   238 |       ||   238
       Buckler           |       |       |       |    45 |   493 ||   538

Table legend: (Time is in decaauts)
 A = Elapsed time spent in this place.
 B = Non-inter-level travel time spent in this place.
 C = Inter-level travel time spent in this place.
 D = Time resting spent in this place.
 E = Time spent auto-exploring this place.
 F = Levels seen in this place.
 G = Mean time per level.
                   A        B        C        D        E       F      G
               +--------+--------+--------+--------+--------+-----+--------+
         Total |  33019 |  30990 |   2029 |  11257 |  14125 |  21 | 1572.3 |
       Dungeon |  18565 |  17086 |   1479 |   5308 |   8810 |  13 | 1428.1 |
        Temple |    457 |    429 |     28 |    200 |    134 |   1 |  457.0 |
          Lair |  10681 |  10160 |    521 |   3581 |   4533 |   6 | 1780.2 |
      Ice Cave |   3314 |   3314 |      0 |   2168 |    647 |   1 | 3314.0 |
               +--------+--------+--------+--------+--------+-----+--------+

Top non-repeatable levels by time:
   IceCv: 3314 daAuts
  Lair:6: 3122 daAuts
  Lair:5: 2336 daAuts
    D:10: 2156 daAuts
     D:2: 1956 daAuts
     D:6: 1915 daAuts
  Lair:1: 1897 daAuts
    D:11: 1788 daAuts
    D:12: 1740 daAuts
     D:7: 1650 daAuts
    D:13: 1379 daAuts
  Lair:3: 1207 daAuts
     D:1: 1205 daAuts
     D:4: 1126 daAuts
  Lair:2: 1094 daAuts
